 Dungeon Crawl Stone Soup version 0.19.5 (webtiles) character file.

1189 tilp the Cudgeler (level 8, 0/80 HPs)
             Began as a Troll Berserker on Mar 23, 2017.
             Was an Elder of Trog.
             Killed from afar by an electric eel (7 damage)
             ... with a bolt of electricity
             ... on level 6 of the Dungeon on Mar 24, 2017.
             The game lasted 00:19:46 (4328 turns).

tilp the Cudgeler (Troll Berserker)                 Turns: 4328, Time: 00:19:46

Health: 0/80       AC:  5    Str: 27    XL:     8   Next: 19%
Magic:  7/7        EV: 11    Int:  4    God:    Trog [****..]
Gold:   237        SH:  0    Dex:  9    Spells: 0 memorised, 7 levels left

rFire  . . .     SeeInvis .     (no weapon)
rCold  . . .     Gourm    +     b - +0 animal skin
rNeg   . . .     Faith    .     (no shield)
rPois  .         Spirit   .     (helmet restricted)
rElec  .         Reflect  .     (no cloak)
rCorr  .         Harm     .     (gloves unavailable)
MR     .....                    (boots unavailable)
Stlth  +.........               (no amulet)
                                (no ring)
                                (no ring)

@: no status effects
A: unfitting armour, claws 3, fast metabolism 3, gourmand, regeneration 1,
shaggy fur 1, tough skin 2
a: Berserk, Trog's Hand, Brothers in Arms, Burn Spellbooks, Renounce Religion


You were on level 6 of the Dungeon.
You worshipped Trog.
Trog was greatly pleased with you.
You were hungry.

You visited 1 branch of the dungeon, and saw 6 of its levels.

You collected 237 gold pieces.

Inventory:

Hand Weapons
 a - a +0 mace
Armour
 b - a +0 animal skin (worn)
Jewellery
 u - an uncursed ring of fire
Scrolls
 d - 2 scrolls of fear
 h - 4 scrolls of identify
 j - a scroll of enchant armour {unknown}
 m - a scroll of amnesia {unknown}
 n - 2 scrolls of random uselessness
 o - 2 scrolls of recharging
 p - a scroll of magic mapping {unknown}
 t - a scroll of immolation {unknown}
 v - a scroll of remove curse
 x - 2 scrolls of fog {unknown}
 y - a scroll of teleportation {unknown}
Potions
 e - a potion of berserk rage {unknown}
 i - a potion of cure mutation {unknown}
 l - a potion of heal wounds
 r - a potion of curing {unknown}
 s - a potion of lignification {unknown}
 z - a potion of cancellation {unknown}
 A - a potion of agility {unknown}
Comestibles
 c - 5 bread rations
 f - 2 meat rations
 g - a royal jelly
 k - 2 slices of pizza
 q - 3 chunks of flesh
 w - 2 beef jerkies


   Skills:
 + Level 5.0 Fighting
 + Level 6.9 Maces & Flails
 + Level 4.2 Dodging
 + Level 0.5 Stealth


You had 7 spell levels left.
You didn't know any spells.

Dungeon Overview and Level Annotations

Branches:
Dungeon (6/15)
 Temple: D:4-7

Altars:
Nemelex Xobeh
Okawaru
Qazlal
Uskayaw
Xom


Innate Abilities, Weirdness & Mutations

You are too large for most types of armour.
You have claws for hands.
Your metabolism is lightning-fast.
You like to eat raw meat.
Your natural rate of healing is unusually fast.
You are covered in fur. (AC +1)
You have very tough skin. (AC +2)


Message History

You butcher the gnoll corpse.
q - 3 chunks of flesh
Things that are here:
a halberd; a club; a whip The electric eel shoots out a bolt of lightning at you!
The bolt of electricity hits you!
The electric eel shoots out a bolt of lightning at you!
The bolt of electricity hits the plant.
The bolt of electricity hits you!
The electric eel shoots out a bolt of lightning at you!
The bolt of electricity hits the plant.
The bolt of electricity hits you!
* * * LOW HITPOINT WARNING * * *
The electric eel shoots out a bolt of lightning at you!
The bolt of electricity hits the plant.
The bolt of electricity hits you!
* * * LOW HITPOINT WARNING * * *
The electric eel shoots out a bolt of lightning at you!
The bolt of electricity hits you!
* * * LOW HITPOINT WARNING * * *
The electric eel shoots out a bolt of lightning at you!
The bolt of electricity hits the plant.
The bolt of electricity hits you!
You die...

## #≈≈...≈≈#.#
♣≈≈P≈≈≈≈≈≈≈≈
.####≈≈≈≈≈##.#
P≈≈≈P;≈≈≈≈♣
....=....###.#
#≈♣PP;..... #####.#..#
#.# #..........
...##.###.##
#..........
######.##...##
#......≈.≈≈
##.......###..##≈≈≈≈≈≈
#................##
≈≈≈P♣
#.####......#@.#..#
♣♣♣♣ #.#......###)#
#.##.###..#..# #.####
##...## #.# ###.# #..
#.# ###


You could see 2 electric eels.

Vanquished Creatures
  A water moccasin (D:5)
  An ice beast (D:6)
  2 big kobolds (D:3)
  A bullfrog (D:6)
  2 scorpions
  2 howler monkeys
  4 hounds
  2 orc priests (D:4)
  2 bullfrog skeletons (D:5)
  Natasha (twice) (D:3)
  2 iguanas
  A worker ant (D:4)
  A hound skeleton (D:4)
  9 adders
  4 gnolls (D:6)
  2 oozes (D:4)
  An adder zombie (D:5)
  5 worms
  2 dart slugs (D:2)
  2 leopard geckos
  12 orcs
  6 bats
  2 giant cockroaches (D:2)
  8 goblins
  11 hobgoblins
  3 jackals (D:3)
  5 quokkas
  4 ball pythons
  3 frilled lizards
  A jackal zombie (D:5)
  16 kobolds
  A quokka skeleton (D:5)
  7 rats
127 creatures vanquished.

Vanquished Creatures (others)
  A bullfrog (D:6)
  A hound (D:6)
  A worker ant (D:6)
3 creatures vanquished.

Grand Total: 130 creatures vanquished

Notes
Turn   | Place    | Note
-------+----------+-------------------------------------------
     0 | D:1      | tilp the Troll Berserker began the quest for the Orb.
     0 | D:1      | Reached XP level 1. HP: 22/22 MP: 0/0
   172 | D:1      | Reached skill level 3 in Maces & Flails
   187 | D:1      | Reached XP level 2. HP: 29/29 MP: 1/1
   577 | D:2      | Reached ** piety under Trog
   630 | D:2      | Reached XP level 3. HP: 32/36 MP: 2/2
  1158 | D:2      | Reached XP level 4. HP: 44/44 MP: 3/3
  1173 | D:2      | Reached skill level 4 in Maces & Flails
  1563 | D:3      | Reached *** piety under Trog
  1598 | D:3      | Noticed Natasha
  1616 | D:3      | Killed Natasha
  1616 | D:3      | Reached XP level 5. HP: 53/53 MP: 4/4
  1851 | D:3      | Noticed Natasha
  1856 | D:3      | Killed Natasha
  2086 | D:3      | Reached skill level 5 in Maces & Flails
  2086 | D:3      | Reached XP level 6. HP: 35/62 MP: 5/5
  2363 | D:4      | Found an iron altar of Okawaru.
  2554 | D:4      | Reached XP level 7. HP: 54/70 MP: 6/6
  2890 | D:4      | Found a stormy altar of Qazlal.
  2894 | D:4      | Found a sparkling altar of Nemelex Xobeh.
  2895 | D:4      | Found a hide-covered altar of Uskayaw.
  3049 | D:5      | Entered Level 5 of the Dungeon
  3244 | D:5      | Reached **** piety under Trog
  3244 | D:5      | Reached skill level 6 in Maces & Flails
  4084 | D:5      | Reached XP level 8. HP: 79/79 MP: 7/7
  4206 | D:6      | Reached skill level 5 in Fighting
  4228 | D:6      | Found a shimmering altar of Xom.
  4328 | D:6      | Killed from afar by an electric eel

Skill      XL: |  1  2  3  4  5  6  7  8 |
---------------+-------------------------+-----
Maces & Flails | 3 4 5 6 |  6.9
Fighting       | 3 4 5 |  5.0
Dodging        | 3 4 |  4.2
Stealth        | |  0.5

Action                   |  1- 3 |  4- 6 |  7- 9 || total
-------------------------+-------+-------+-------++-------
Melee: Mace              |   131 |   224 |   205 ||   560
       Unarmed           |       |       |    27 ||    27
Invok: Berserk           |       |     3 |     3 ||     6
  Use: Scroll            |       |     1 |     7 ||     8
       Potion            |       |       |     1 ||     1
 Stab: Sleeping          |       |     1 |       ||     1
  Eat: Chunk             |    17 |    15 |    12 ||    44
Armor: Animal skin       |    64 |    57 |    58 ||   179
Dodge: Dodged            |    72 |   118 |   147 ||   337
